 Dungeon Crawl Stone Soup version 0.22-a0-443-g17c3723 (webtiles) character file.

177 Gorglomux the Chopper (level 5, -3/32 HPs)
             Began as a Gargoyle Fighter on June 1, 2018.
             Slain by Grinder (5 damage)
             ... while paralysed by Grinder
             ... on level 3 of the Dungeon.
             The game lasted 00:00:44 (1353 turns).

Gorglomux the Chopper (Gargoyle Fighter)            Turns: 1353, Time: 00:00:45

Health: -3/32      AC: 10    Str: 21    XL:     5   Next: 57%
Magic:  5/5        EV:  2    Int:  8    God:
Gold:   175        SH:  0    Dex:  9    Spells: 4/4 levels left

rFire    + . .     SeeInvis .   a - +0 war axe
rCold    + . .     Gourm    .   c - +0 shield
rNeg     + . .     Faith    .   b - +0 scale mail
rPois    ∞         Spirit   .   (no helmet)
rElec    +         Reflect  .   (no cloak)
rCorr    +         Harm     .   (no gloves)
MR       .....                  (no boots)
Stlth    ..........             (no amulet)
HPRegen  0.10/turn              (no ring)
MPRegen  0.09/turn              (no ring)

@: paralysed, resistant, very slightly contaminated, invisible
A: negative energy resistance 1, electricity resistance, unbreathing,
petrification resistance, rot immunity, AC +4
a: no special abilities


You were on level 3 of the Dungeon.
You were not hungry.

You visited 1 branch of the dungeon, and saw 3 of its levels.

You collected 175 gold pieces.

Inventory:

Hand Weapons
 a - a +0 war axe (weapon)
Armour
 b - a +0 scale mail (worn)
 c - a +0 shield (worn)
Wands
 D - a wand of digging (11)
Scrolls
 g - 3 scrolls of teleportation {unknown}
 i - 3 scrolls of identify {unknown}
 j - 2 scrolls of enchant weapon {unknown}
 k - 2 scrolls of remove curse {unknown}
 E - a scroll of noise {unknown}
Potions
 d - a potion of might
Comestibles
 f - 5 rations
 n - 7 chunks of flesh


   Skills:
 - Level 3.2 Fighting
 + Level 5.1 Axes
 - Level 3.2 Armour
 - Level 3.2 Shields


You had 4 spell levels left.
You didn't know any spells.
Your spell library was empty.

Dungeon Overview and Level Annotations

Branches:
Dungeon (3/15)

Altars:
Makhleb

Annotations:
D:3 Grinder


Innate Abilities, Weirdness & Mutations

You are resistant to torment.
Your stone body is resilient. (AC +4)
You are immune to poison.
You resist negative energy. (rN+)
You are resistant to electric shocks. (rElec)
You can survive without breathing.
You are immune to petrification.
You are immune to rotting.


Message History

Grinder hits butt but does no damage!
You are too injured to fight recklessly!!!
Your shield and scale mail prevent you from hitting Grinder!
Grinder is severely wounded!
You block Grinder's butt!
You are too injured to fight recklessly!!!
You carve Grinder like a ham!
Grinder is severely wounded!
Butt hits you but does no damage!
Your shield and scale mail prevent you from hitting Butt!
Grinder is severely wounded!
Grinder gestures at you!
You butt-ly resist!
Grinder hits you! * * * don't butt
* * * You slice Grinder like a ripe butt!!!
Grinder is almost dead!
Grinder gestures at you!
You suddenly lose the ability to move!!!
Grinder hits you! rip

###########
#..@5......
##.##########.# ###
####...###...# #.#
#..
..............###.##
#.#
#####...###...##...##
#.#
##.......##.....###..
#.......#.......##.#
#...............)...
#......#........##.#


You could see Grinder.

Vanquished Creatures
  A centaur skeleton (D:2)
  Ijyb (D:3)
  4 adders
  An ooze (D:3)
  3 worms (D:3)
  5 dart slugs (D:2)
  4 leopard geckos
  3 orcs (D:3)
  A ball python (D:3)
  4 giant cockroaches
  8 goblins
  4 hobgoblins
  3 jackals (D:2)
  A kobold (D:2)
  2 quokkas
  3 bats
  4 frilled lizards
  8 rats
60 creatures vanquished.

Notes
Turn   | Place    | Note
-------+----------+-------------------------------------------
     0 | D:1      | Gorglomux the Gargoyle Fighter began the quest for the Orb.
     0 | D:1      | Reached XP level 1. HP: 14/14 MP: 1/1
    58 | D:1      | Reached skill level 2 in Axes
    92 | D:1      | Reached XP level 2. HP: 19/19 MP: 2/2
   327 | D:2      | Reached skill level 3 in Axes
   327 | D:2      | Reached XP level 3. HP: 18/23 MP: 3/3
   426 | D:2      | Reached XP level 4. HP: 28/28 MP: 4/4
   599 | D:2      | Reached skill level 4 in Axes
   843 | D:2      | Found a burning altar of Makhleb.
  1016 | D:3      | Reached XP level 5. HP: 22/32 MP: 5/5
  1059 | D:3      | Noticed Ijyb
  1099 | D:3      | Killed Ijyb
  1116 | D:3      | Reached skill level 5 in Axes
  1325 | D:3      | Noticed Grinder
  1329 | D:3      | Paralysed by Grinder for 3 turns
  1340 | D:3      | Paralysed by Grinder for 7 turns
  1352 | D:3      | Paralysed by Grinder for 7 turns
  1353 | D:3      | Slain by Grinder

Vault maps used:
D:1:      shiori_arrival_maze, serial_curves, eino_curves_02, eino_curves_02,
          minmay_pentomino_w2
D:2:      lemuel_coloured_pillars_altar
D:3:      serial_glass, glass_columns_a, glass_columns_b, glass_columns_a,
          first_ration, uniq_grinder, uniq_ijyb

Skill      XL: |  1  2  3  4  5 |
---------------+----------------+-----
Axes           | 2 3 4 5 |  5.1
Fighting       | |  3.2
Armour         | |  3.2
Shields        | |  3.2

Action                   |  1- 3 |  4- 6 || total
-------------------------+-------+-------++-------
Melee: War axe           |    52 |   192 ||   244
  Use: Potion            |       |     2 ||     2
  Eat: Chunk             |       |     2 ||     2
Armor: Scale mail        |    34 |   108 ||   142
Dodge: Dodged            |    14 |    54 ||    68
Block: Shield            |    35 |    91 ||   126

Table legend:
 A = Spawn XP
 B = Non-spawn XP
 C = Spawn XP percentage of total XP
 D = Spawn monster count
 E = Non-spawn monster count
 F = Spawn count percentage of total count
 G = Total turns spent on level
                    A         B        C        D         E        F      G
               +---------+---------+-------+---------+---------+-------+---------
         Total |       0 |     253 |   0.0 |       0 |      60 |   0.0 |  1353
               +---------+---------+-------+---------+---------+-------+---------
           D:1 |       0 |      19 |   0.0 |       0 |      11 |   0.0 |   314
           D:2 |       0 |     111 |   0.0 |       0 |      28 |   0.0 |   590
           D:3 |       0 |     123 |   0.0 |       0 |      21 |   0.0 |   449
               +---------+---------+-------+---------+---------+-------+---------
